 Dungeon Crawl Stone Soup version 0.23.0 (webtiles) character file.

Game seed: 544420635054368285

792 Acheron the Spear-Bearer (level 7, -8/54 HPs)
             Began as a Merfolk Gladiator on Feb 17, 2019.
             Was an Initiate of Qazlal.
             Mangled by a crocodile (13 damage)
             ... on level 9 of the Dungeon.
             The game lasted 00:31:34 (5161 turns).

Acheron the Spear-Bearer (Merfolk Gladiator)        Turns: 5161, Time: 00:31:34

Health: -8/54      AC:  5    Str: 14    XL:     7   Next: 88%
Magic:  9/9        EV: 15    Int:  8    God:    Qazlal [......]
Gold:   260        SH:  0    Dex: 17    Spells: 5/8 levels left

rFire    . . .     SeeInvis .   a - +1 trident
rCold    . . .     Gourm    .   (no shield)
rNeg     . . .     Faith    .   b - +0 leather armour
rPois    .         Spirit   .   c - +1 helmet
rElec    .         Reflect  .   (no cloak)
rCorr    .         Harm     .   (no gloves)
MR       .....                  (no boots)
Stlth    ++........             (no amulet)
HPRegen  0.18/turn              (no ring)
MPRegen  0.11/turn              (no ring)

@: no status effects
A: change form in water, swift swim, stealthy swim
a: Renounce Religion


You were on level 9 of the Dungeon.
You worshipped Qazlal.
Qazlal was noncommittal.
You were hungry.

You visited 2 branches of the dungeon, and saw 10 of its levels.
You also visited: Sewer.

You collected 260 gold pieces.

Inventory:

Hand Weapons
 a - a +1 trident (weapon)
 l - a +1 dagger of speed
 p - a +2 short sword of speed
 t - a +1 dagger of holy wrath
 w - a +0 hunting sling
Missiles
 d - 3 throwing nets (quivered)
 k - 26 sling bullets
 m - 160 stones
 s - 11 poisoned needles
Armour
 b - a +0 leather armour (worn)
 c - a +1 helmet (worn)
 u - the +3 chain mail of Instinct {*Corrode +Fly Dex+3}
   (You found it on level 5 of the Dungeon)

   It affects your dexterity (+3).
   It lets you fly.
   It may corrode you when you take damage.
Magical Staves
 y - an uncursed staff of conjuration
Scrolls
 i - 4 scrolls of teleportation
 j - a scroll of fog
 o - a scroll of remove curse
 q - 3 scrolls of magic mapping
Potions
 e - a potion of resistance {unknown}
 h - 4 potions of curing {unknown}
 n - 3 potions of flight {unknown}
 r - 2 potions of degeneration {unknown}
 x - 3 potions of ambrosia {unknown}
 A - a potion of heal wounds
Comestibles
 f - 6 rations


   Skills:
 * Level 4.2 Fighting
 * Level 1.0 Short Blades
 * Level 8.1 Polearms
 + Level 2.1 Throwing
 + Level 1.7 Armour
 * Level 5.4 Dodging
 * Level 3.8 Stealth
 * Level 1.4 Spellcasting
 * Level 1.1 Translocations
 * Level 1.0 Invocations


You had 5 spell levels left.
You knew the following spells:

 Your Spells              Type           Power        Failure   Level  Hunger
a - Apportation           Tloc           #.....       30%         1    ##.....
b - Ensorcelled Hibernat  Hex/Ice        #.....       56%         2    ###....

Your spell library contained the following spells:

 Spells                   Type           Power        Failure   Level  Hunger
 Animate Skeleton         Necr           N/A          43%         1    ##.....
 Confusing Touch          Hex            #.....       43%         1    ##.....
 Corona                   Hex            #......      43%         1    ##.....
 Summon Small Mammal      Summ           #...         43%         1    ##.....
 Confuse                  Hex            #.......     80%         3    ####...
 Dazzling Spray           Conj/Hex       #.....       80%         3    ####...
 Tukima's Dance           Hex            #.......     80%         3    ####...


Dungeon Overview and Level Annotations

Branches:
Dungeon (9/15)             Temple (1/1) D:6
   Lair: D:8-11         Orc: D:9-12

Altars:
Ashenzari
Cheibriados
Dithmenos
Elyvilon
Fedhas
Gozag
Hepliaklqana
Kikubaaqudgha
Makhleb
Nemelex Xobeh
Okawaru
Qazlal
Ru
Sif Muna
Trog
Uskayaw
Vehumet
Wu Jian
Xom
Yredelemnul
Zin
The Shining One

Annotations:
D:3 1 runed translucent door, Sigmund; mhilhors's ghost, amateur DrIE
D:7 Pikel


Message History

The crocodile barely misses you.
You hit the crocodile but do no damage.
The crocodile is heavily wounded.
The crocodile bites you but does no damage.
You hit the crocodile but do no damage.
The crocodile is heavily wounded.
The crocodile bites you.
You barely miss the crocodile.
The crocodile is heavily wounded.
You barely miss the crocodile.
The crocodile is heavily wounded.
The crocodile bites you!
You puncture the crocodile!
The crocodile is almost dead.
The crocodile bites you!
* * * LOW HITPOINT WARNING * * *
You barely miss the crocodile.
The crocodile is almost dead.
The crocodile bites you!
You die...

#%.o.... ...#..# #
.o#..# #.#.#..#
#####.#o#..#
..)...oo..l#
####<#)##.#
#.#)##o#######.#
#.#.##.l†ot@...#
##.oO########.......
##....o### .#####.
#........# .#
#........# #.#
#........# #[#
##%....#.# #.#######.#
##...##.#####..........
#.......o.O..........


You could see an orc warrior, a crocodile, an orc and a leopard gecko.

Vanquished Creatures
  A slave (D:8)
  2 bullfrogs (D:6)
  A scorpion (D:6)
  2 crimson imps (D:6)
  3 orc wizards
  3 hounds
  3 iguanas (D:5)
  4 worker ants
  A worker ant zombie (D:5)
  10 adders
  3 oozes
  2 worms (D:5)
  4 leopard geckos
  4 orcs
  7 bats
  2 giant cockroaches
  3 goblins
  7 hobgoblins
  10 jackals
  A quokka (D:5)
  2 ball pythons
  9 frilled lizards
  A giant cockroach zombie (D:6)
  A goblin zombie (D:8)
  A hobgoblin zombie (D:8)
  12 kobolds
  2 kobold skeletons (D:8)
  A kobold zombie (D:8)
  5 rats
  5 plants (Sewer)
112 creatures vanquished.

Notes
Turn   | Place    | Note
-------+----------+-------------------------------------------
     0 | D:1      | Acheron the Merfolk Gladiator began the quest for the Orb.
     0 | D:1      | Reached XP level 1. HP: 16/16 MP: 1/1
   184 | D:2      | Reached XP level 2. HP: 16/22 MP: 2/2
   310 | D:2      | Reached skill level 5 in Polearms
   528 | D:1      | Reached XP level 3. HP: 28/28 MP: 3/3
   668 | D:1      | Reached skill level 1 in Stealth
   940 | D:3      | Noticed Sigmund
  1361 | D:3      | Reached XP level 4. HP: 34/34 MP: 4/4
  1456 | D:3      | Noticed mhilhors's ghost (amateur DrIE)
  1459 | D:3      | Found a runed translucent door.
  1902 | D:4      | Reached XP level 5. HP: 41/41 MP: 5/5
  1923 | D:5      | Entered Level 5 of the Dungeon
  1931 | D:5      | Noticed an ogre
  1984 | D:5      | Reached skill level 1 in Armour
  1996 | D:5      | Reached skill level 6 in Polearms
  2012 | D:5      | Found a glowing drain.
  2033 | Sewer    | Entered a sewer
  2533 | Sewer    | Reached XP level 6. HP: 46/47 MP: 6/6
  3040 | D:5      | Reached skill level 5 in Dodging
  3060 | D:5      | Learned a level 1 spell: Apportation
  3076 | D:6      | Found a staircase to the Ecumenical Temple.
  3376 | D:6      | Found a basalt altar of Yredelemnul.
  3376 | D:6      | Found a shimmering altar of Xom.
  3426 | D:6      | Found a snail-covered altar of Cheibriados.
  3515 | D:6      | Reached skill level 7 in Polearms
  3515 | D:6      | Reached XP level 7. HP: 48/53 MP: 6/8
  3526 | Temple   | Entered the Ecumenical Temple
  3624 | Temple   | Became a worshipper of Qazlal Stormbringer
  3737 | D:6      | Reached skill level 1 in Spellcasting
  3787 | D:6      | Learned a level 2 spell: Ensorcelled Hibernation
  3931 | D:6      | Found a blossoming altar of Fedhas.
  3934 | D:6      | Found a shadowy altar of Dithmenos.
  4290 | D:5      | Reached skill level 1 in Translocations
  4293 | D:5      | Got a faintly glowing chain mail
  4294 | D:5      | Identified the +3 chain mail of Instinct {*Corrode +Fly
                  | Dex+3} (You found it on level 5 of the Dungeon)
  4559 | D:6      | Reached skill level 8 in Polearms
  4596 | D:6      | Found a hazy altar of Hepliaklqana.
  4614 | D:6      | Found a burning altar of Makhleb.
  4787 | D:7      | Noticed Pikel
  5047 | D:8      | Found a glowing golden altar of the Shining One.
  5106 | D:9      | Noticed a yak
  5113 | D:9      | Noticed a two-headed ogre
  5132 | D:9      | Reached skill level 1 in Invocations
  5147 | D:9      | Reached skill level 1 in Short Blades
  5161 | D:9      | Mangled by a crocodile

Skill      XL: |  1  2  3  4  5  6  7 |
---------------+----------------------+-----
Polearms       | 5 6 7 8 |  8.1
Stealth        | 1 2 3 |  3.8
Fighting       | 3 4 |  4.2
Armour         | 1 |  1.7
Dodging        | 5 |  5.4
Spellcasting   | 1 |  1.4
Translocations | 1 |  1.1
Invocations    | 1 |  1.0
Short Blades   | 1 |  1.0
Throwing       | |  2.1

Action                   |  1- 3 |  4- 6 |  7- 9 || total
-------------------------+-------+-------+-------++-------
Melee: Trident           |    96 |   360 |   101 ||   557
       Tailslap          |       |    26 |       ||    26
  Use: Scroll            |       |    11 |     2 ||    13
       Potion            |       |       |     1 ||     1
 Stab: Sleeping          |     5 |     2 |     3 ||    10
  Eat: Chunk             |     1 |     7 |     5 ||    13
Armor: Leather armour    |    24 |    57 |    15 ||    96
Dodge: Dodged            |    70 |   168 |    74 ||   312
